 Seeded DCSS version 0.30.1-11-g7821555f0a (webtiles) character file.

Game seed: 6245884229887761738 (custom seed)

22 Psyclone the Conjurer (level 2, 15/15 HPs)
             Began as a Deep Elf Conjurer on Nov 9, 2023.
             Was an Initiate of Gozag.
             Quit the game on level 2 of the Dungeon.
             The game lasted 00:00:23 (330 turns).

Psyclone the Conjurer (Deep Elf Conjurer)            Turns: 330, Time: 00:00:24

Health: 15/15      AC:  5    Str:  4    XL:     2   Next: 68%
Magic:  1/8        EV: 12    Int: 25    God:    Gozag
Gold:   26         SH:  0    Dex: 13    Spells: 2/7 levels left

rFire   . . .        (no weapon)
rCold   . . .        (no shield)
rNeg    . . .        a - +0 robe
rPois   .            e - +2 helmet {Int+3}
rElec   .            (no cloak)
rCorr   .            (no gloves)
SInv    .            (no boots)
Will    .....        (no amulet)
Stlth   ++           (no ring)
HPRegen 0.22/turn    (no ring)
MPRegen 0.11/turn

%: no passive effects
@: gold aura
A: no striking features
a: Renounce Religion, Potion Petition, Call Merchant, Bribe Branch


You were on level 2 of the Dungeon.
You worshipped Gozag.
Gozag was noncommittal.
You visited 1 branch of the dungeon, and saw 2 of its levels.

You collected 26 gold pieces.

Inventory:

Armour
 a - a +0 robe (worn)
 e - a +2 helmet of intelligence (worn)
Jewellery
 c - an amulet of magic regeneration
Scrolls
 d - 3 scrolls of identify {unknown}
Potions
 b - a potion of magic


   Skills:
 - Level 2.4 Dodging
 - Level 2.4 Stealth
 - Level 3.0 Spellcasting
 + Level 5.3 Conjurations


You had 2 spell levels left.
You knew the following spells:

 Your Spells              Type           Power      Damage    Failure   Level
a - Magic Dart            Conj           100%       1d8       1%          1
b - Searing Ray           Conj           60%        2d6       1%          2
c - Passwall              Tmut/Erth      2%         N/A       16%         2

Your spell library contained the following spells:

 Spells                   Type           Power      Damage    Failure   Level
 Sandblast                Erth           6%         2d5       10%         1
 Dazzling Flash           Conj/Hex       34%        N/A       10%         3
 Stone Arrow              Conj/Erth      34%        3d9       10%         3
 Fulminant Prism          Conj/Hex       8%         3d6       32%         4
 Iskenderun's Mystic Bla  Conj/Tloc      17%        2d5       32%         4


Dungeon Overview and Level Annotations

Branches:
Dungeon (2/15) Zot: 11669

Altars:
Gozag


Message History

Confirm with . or Enter, or press ? or * to list all spells.
Aiming: Magic Dart (safe; 1% risk of failure)
Press: ? - help, Shift-Dir - straight line, f/p - goblin
Aim: a goblin, wielding a +0 sling and quivering stones (severely wounded, 100% to hit)
The magic dart hits the quokka.
The quokka is heavily wounded.
You now have 2/8 mp.
Casting: Magic Dart (safe; 1% risk of failure)
Confirm with . or Enter, or press ? or * to list all spells.
Aiming: Magic Dart (safe; 1% risk of failure)
Press: ? - help, Shift-Dir - straight line, f/p - goblin
Aim: a goblin, wielding a +0 sling and quivering stones (severely wounded, 100% to hit)
The magic dart hits the quokka.
The quokka is severely wounded.
You now have 1/8 mp.
Casting: Magic Dart (safe; 1% risk of failure)
Confirm with . or Enter, or press ? or * to list all spells.
Aiming: Magic Dart (safe; 1% risk of failure)
Press: ? - help, Shift-Dir - straight line, f/p - goblin
Aim: a goblin, wielding a +0 sling and quivering stones (severely wounded, 100% to hit)
The magic dart hits the goblin.
You kill the goblin!
The quokka misses you.
You now have 0/8 mp.
Casting: Magic Dart (safe; 1% risk of failure)
Confirm with . or Enter, or press ? or * to list all spells.
You don't have enough magic to cast this spell.
Unknown command.
Casting: Magic Dart (safe; 1% risk of failure)
Confirm with . or Enter, or press ? or * to list all spells.
You don't have enough magic to cast this spell.
Unknown command.
Casting: Magic Dart (safe; 1% risk of failure)
Confirm with . or Enter, or press ? or * to list all spells.
You don't have enough magic to cast this spell.
Unknown command.
The quokka bites you but does no damage.
Unknown command.
Unknown command.
Are you sure you want to abandon this character and quit the game? (Confirm with "yes".)

#..... #......)###..).
#..... #.###..#.#.#.#
....J #............#
#... ########.#### #...
### #.......# ##...##.##
#.##.##.#
####.#.#..#.####.##^# #
#......#.###...#.##..
......>#@.#.##.#.#####.#
#.....$r##.# #.#.......#
#.>......<.# #.#########
#.####$#######.### #.
#.....# $.. #.###.# ##.
#. #.# ### .. #.###.#
.$# .. #.....#


You could see an endoplasm (asleep) and a quokka.

Vanquished Creatures
  An adder (D:2)
  2 bats (D:1)
  3 endoplasms (D:1)
  A goblin (D:2)
  A hobgoblin (D:2)
  A quokka (D:1)
  2 kobolds
  2 rats (D:1)
13 creatures vanquished.

Notes
Turn   | Place    | Note
-------+----------+-------------------------------------------
     0 | D:1      | Psyclone the Deep Elf Conjurer began the quest for the Orb.
     0 | D:1      | Reached XP level 1. HP: 10/10 MP: 6/6
    76 | D:1      | Found a faded altar of an unknown god.
    98 | D:1      | Prayed at the altar of an unknown god.
    98 | D:1      | Became a worshipper of Gozag Ym Sagoz the Greedy
   103 | D:1      | Reached XP level 2. HP: 15/15 MP: 6/8
   153 | D:2      | Learned a level 2 spell: Searing Ray
   183 | D:2      | Learned a level 2 spell: Passwall
   204 | D:2      | Reached skill level 5 in Conjurations
   330 | D:2      | Quit the game

Illustrated notes

Levels and vault maps discovered:
D:1:      dpeg_arrival_arbitrary_a, layout_rooms,
          shapermc_ecumenical_altar_mp_highgroup, hangedman_abyss_or_decor_stabs
D:2:      layout_loops_cross, uniq_natasha

Skill      XL: |  1  2 |
---------------+-------+-----
Conjurations   | 5 |  5.3
Dodging        | |  2.4
Stealth        | |  2.4
Spellcasting   | |  3.0

Action                     || total
---------------------------++-------
   Cast: Magic Dart        ||    18
         Passwall          ||     4
         Searing Ray       ||     2
 Armour: Robe              ||     3
  Dodge: Dodged            ||     4
